[ AOE2 MATCH · #466206232 ]
1v1 RMKhmer vs Koreans
Player's team · LOSS
Rival team · WIN
[ REPLAY ANALYSIS · EXTRACTED FROM THE RECORDED GAME ]
Feudal
11:01
Castle
20:04
Imperial
—
| APM avg | 28.9 |
| APM peak | 56 |
| eAPM avg | 14.2 |
| Villagers / military | 66 / 12 |
Focus
⚔️ 24.4% · 🌾 75.6%
Galley ×12 · Fishing Ship ×9 · Unknown (2626) ×4
Feudal
13:30
Castle
23:06
Imperial
—
| APM avg | 35.3 |
| APM peak | 70 |
| eAPM avg | 18.3 |
| Villagers / military | 73 / 23 |
Focus
⚔️ 29.2% · 🌾 70.8%
Fishing Ship ×24 · Unknown (2626) ×18 · Fire Galley ×14 · Fire Lancer ×9
Match map
Resources at game start + every placement click. Thick line = wall · dashed box = detected house wall. 🟡 gold · ⚪ stone · 🟢 berries · 🔶 boar · ⭕ relic
Inputs per minute
— Lord Tatami II - - kingnothing
Build order — Lord Tatami II
139 actions detected in the replay
| 0:28 | Build | Town Center |
| 0:55 | Build | Dock |
| 0:58 | Build | House |
| 2:27 | Create | Villager (Male) ×4 |
| 3:47 | Create | Villager (Male) |
| 4:10 | Create | Fishing Ship |
| 4:16 | Create | Villager (Male) |
| 4:43 | Build | House |
| 4:54 | Create | Villager (Male) |
| 5:04 | Research | Loom |
| 5:04 | Create | Villager (Male) |
| 5:21 | Build | Palisade Wall |
| 5:37 | Create | Villager (Male) |
| 5:45 | Create | Fishing Ship |
| 6:15 | Create | Villager (Male) |
| 6:27 | Create | Fishing Ship |
| 6:38 | Build | House |
| 6:42 | Create | Villager (Male) |
| 6:53 | Create | Villager (Male) |
| 6:57 | Build | House |
| 7:13 | Create | Villager (Male) |
| 8:14 | Create | Villager (Male) |
| 8:41 | Create | Villager (Male) |
| 8:51 | Research | Feudal Age |
| 9:46 | Build | Mining Camp |
| 10:49 | Build | Dock |
| 10:54 | Create | Villager (Male) |
| 11:01 | Age | Feudal Age |
| 11:02 | Create | Unit 2626 |
| 11:11 | Create | Villager (Male) |
| 11:28 | Create | Unit 2626 |
| 11:43 | Build | House |
| 11:45 | Build | House |
| 12:01 | Create | Unit 2626 |
| 12:04 | Create | Villager (Male) |
| 12:04 | Create | Villager (Male) |
| 12:04 | Create | Villager (Male) |
| 12:05 | Create | Villager (Male) |
| 12:06 | Create | Villager (Male) ×2 |
| 12:31 | Create | Unit 2626 |
| 12:33 | Create | Villager (Male) |
| 12:42 | Create | Fishing Ship |
| 13:49 | Create | Fishing Ship |
| 13:49 | Create | Fishing Ship |
| 13:58 | Build | Dock |
| 14:07 | Create | Fishing Ship |
| 14:16 | Build | House |
| 14:17 | Build | House |
| 15:00 | Create | Fishing Ship |
| 15:05 | Create | Fishing Ship |
| 15:11 | Create | Villager (Male) |
| 15:12 | Create | Villager (Male) |
| 15:51 | Build | House |
| 15:52 | Build | House |
| 15:52 | Create | Villager (Male) |
| 16:12 | Create | Villager (Male) |
| 16:49 | Build | Lumber Camp |
| 17:24 | Research | Castle Age |
| 17:24 | Research | Castle Age |
| 17:28 | Create | Galley |
| 17:28 | Create | Galley |
| 18:02 | Create | Galley |
| 18:02 | Create | Galley |
| 18:14 | Build | Blacksmith |
| 18:21 | Build | Outpost |
| 18:24 | Research | Double-Bit Axe |
| 18:31 | Create | Villager (Male) |
| 18:38 | Create | Galley |
| 18:57 | Create | Galley |
| 19:15 | Build | Mining Camp |
| 19:23 | Create | Galley |
| 20:04 | Age | Castle Age |
| 20:07 | Create | Villager (Male) |
| 20:17 | Build | Town Center |
| 20:46 | Create | Villager (Male) |
| 20:48 | Research | Fletching |
| 20:57 | Create | Villager (Male) |
| 21:05 | Create | Galley |
| 21:30 | Create | Galley |
| 21:30 | Create | Galley |
| 21:31 | Create | Villager (Male) |
| 21:43 | Build | Town Center |
| 21:52 | Create | Villager (Male) |
| 21:52 | Create | Villager (Male) |
| 22:02 | Create | Villager (Male) |
| 22:11 | Create | Galley |
| 22:11 | Create | Galley |
| 22:15 | Create | Villager (Male) |
| 22:16 | Create | Villager (Male) |
| 22:17 | Create | Villager (Male) |
| 23:12 | Create | Villager (Male) |
| 23:12 | Create | Villager (Male) |
| 23:19 | Create | Villager (Male) |
| 23:19 | Create | Villager (Male) |
| 23:38 | Create | Villager (Male) |
| 23:47 | Build | Mill |
| 23:48 | Create | Villager (Male) |
| 23:49 | Create | Villager (Male) |
| 24:05 | Build | Watch Tower |
| 24:58 | Build | House |
| 25:01 | Build | House |
| 25:05 | Create | Villager (Male) |
| 25:05 | Create | Villager (Male) |
| 25:06 | Create | Villager (Male) |
| 25:07 | Build | House |
| 25:08 | Build | House |
| 25:15 | Create | Villager (Male) |
| 25:18 | Build | Palisade Wall |
| 25:31 | Create | Villager (Male) |
| 25:40 | Build | Lumber Camp |
| 25:42 | Create | Villager (Male) |
| 25:44 | Create | Villager (Male) |
| 25:44 | Create | Villager (Male) |
| 25:57 | Research | Horse Collar |
| 26:16 | Build | Farm |
| 26:19 | Build | Farm |
| 26:22 | Build | Farm |
| 26:24 | Build | Farm |
| 26:26 | Build | Farm |
| 26:28 | Build | Farm |
| 26:29 | Create | Villager (Male) |
| 26:39 | Create | Villager (Male) |
| 26:42 | Create | Villager (Male) |
| 26:45 | Build | Farm |
| 26:46 | Build | Farm |
| 27:06 | Create | Villager (Male) |
| 27:10 | Create | Villager (Male) |
| 27:14 | Build | Farm |
| 27:16 | Build | Farm |
| 27:18 | Build | Farm |
| 27:19 | Build | Farm |
| 27:22 | Create | Villager (Male) |
| 27:23 | Create | Villager (Male) |
| 27:44 | Create | Villager (Male) |
| 27:44 | Create | Villager (Male) |
| 28:05 | Create | Villager (Male) |
| 28:30 | Research | Bodkin Arrow |
| 29:14 | Create | Villager (Male) |
| 29:15 | Create | Villager (Male) |
Build order — kingnothing
First 150 of 178 actions detected
| 0:11 | Build | Town Center |
| 0:45 | Build | Dock |
| 0:56 | Build | Palisade Wall |
| 1:19 | Build | House |
| 2:17 | Create | Villager (Male) |
| 2:17 | Create | Villager (Male) |
| 2:17 | Create | Villager (Male) |
| 2:18 | Create | Villager (Male) |
| 3:29 | Create | Villager (Male) |
| 3:29 | Create | Villager (Male) |
| 3:35 | Create | Fishing Ship |
| 3:51 | Build | House |
| 4:29 | Research | Loom |
| 4:52 | Create | Villager (Male) |
| 5:02 | Create | Villager (Male) |
| 5:16 | Create | Fishing Ship |
| 5:52 | Create | Villager (Male) |
| 5:52 | Create | Villager (Male) |
| 5:56 | Create | Villager (Male) |
| 6:00 | Build | House |
| 6:12 | Create | Villager (Male) |
| 6:26 | Create | Fishing Ship |
| 6:26 | Create | Fishing Ship |
| 6:51 | Create | Villager (Male) |
| 6:57 | Build | House |
| 7:11 | Create | Villager (Male) |
| 7:20 | Create | Fishing Ship |
| 7:48 | Create | Villager (Male) |
| 8:12 | Create | Villager (Male) |
| 8:16 | Create | Fishing Ship |
| 8:43 | Create | Villager (Male) |
| 8:43 | Create | Villager (Male) |
| 8:43 | Create | Villager (Male) |
| 8:53 | Build | House |
| 8:55 | Create | Fishing Ship |
| 9:28 | Create | Fishing Ship |
| 9:32 | Create | Villager (Male) |
| 9:48 | Build | Mining Camp |
| 10:06 | Create | Villager (Male) |
| 10:11 | Build | House |
| 10:11 | Create | Villager (Male) |
| 10:12 | Create | Villager (Male) |
| 10:35 | Build | Dock |
| 10:53 | Create | Villager (Male) |
| 11:20 | Research | Feudal Age |
| 11:35 | Build | Mining Camp |
| 11:51 | Create | Villager (Male) |
| 11:51 | Create | Villager (Male) |
| 12:17 | Build | Dock |
| 12:35 | Create | Villager (Male) |
| 13:01 | Build | House |
| 13:11 | Create | Villager (Male) |
| 13:30 | Age | Feudal Age |
| 13:34 | Create | Unit 2626 |
| 13:34 | Create | Unit 2626 |
| 13:35 | Create | Unit 2626 |
| 13:44 | Create | Fire Galley |
| 13:47 | Create | Unit 2626 |
| 13:50 | Create | Villager (Male) |
| 13:50 | Create | Villager (Male) |
| 13:55 | Build | Dock |
| 13:57 | Create | Villager (Male) |
| 14:14 | Create | Villager (Male) |
| 14:14 | Create | Villager (Male) |
| 14:21 | Build | Lumber Camp |
| 14:32 | Build | Watch Tower |
| 14:39 | Create | Villager (Male) |
| 14:42 | Create | Fire Galley |
| 14:43 | Create | Unit 2626 |
| 14:52 | Create | Unit 2626 |
| 14:54 | Create | Villager (Male) |
| 15:00 | Build | House |
| 15:10 | Research | Double-Bit Axe |
| 15:12 | Create | Villager (Male) |
| 15:12 | Create | Villager (Male) |
| 15:24 | Create | Unit 2626 |
| 15:28 | Build | House |
| 15:45 | Create | Villager (Male) |
| 15:46 | Create | Villager (Male) |
| 15:54 | Build | Palisade Wall |
| 15:57 | Build | House |
| 16:03 | Build | House |
| 16:06 | Create | Villager (Male) |
| 16:11 | Create | Unit 2626 |
| 16:11 | Create | Unit 2626 |
| 16:26 | Create | Villager (Male) |
| 16:27 | Create | Villager (Male) |
| 16:31 | Research | Town Watch |
| 16:40 | Build | Palisade Wall |
| 16:49 | Create | Villager (Male) |
| 16:49 | Create | Villager (Male) |
| 16:55 | Create | Fishing Ship ×5 |
| 16:59 | Build | House |
| 17:30 | Build | Mill |
| 17:32 | Create | Villager (Male) |
| 17:35 | Research | Tech 906 |
| 17:35 | Create | Fishing Ship |
| 17:44 | Create | Villager (Male) |
| 17:48 | Build | House |
| 17:49 | Build | House |
| 17:50 | Build | House |
| 18:17 | Create | Fire Galley |
| 18:23 | Create | Fire Galley |
| 18:24 | Create | Villager (Male) |
| 18:24 | Create | Villager (Male) |
| 18:26 | Build | House |
| 18:49 | Create | Fishing Ship ×4 |
| 18:55 | Create | Villager (Male) |
| 19:02 | Build | Blacksmith |
| 19:19 | Create | Unit 2626 |
| 19:29 | Build | Market |
| 19:31 | Create | Villager (Male) |
| 19:45 | Create | Fishing Ship ×2 |
| 20:25 | Research | Castle Age |
| 20:30 | Research | Stone Mining |
| 20:37 | Create | Fire Galley |
| 20:37 | Create | Fire Galley |
| 20:38 | Create | Unit 2626 |
| 20:38 | Create | Unit 2626 |
| 20:58 | Build | Dock |
| 21:09 | Create | Unit 2626 |
| 21:21 | Create | Villager (Male) |
| 21:22 | Create | Villager (Male) |
| 21:38 | Build | House |
| 21:43 | Create | Fishing Ship |
| 21:43 | Create | Fishing Ship |
| 22:10 | Create | Villager (Male) |
| 22:27 | Build | Barracks |
| 22:30 | Create | Villager (Male) |
| 22:31 | Create | Villager (Male) |
| 22:53 | Create | Unit 2626 |
| 22:53 | Create | Fire Galley |
| 22:53 | Create | Fire Galley |
| 23:06 | Age | Castle Age |
| 23:09 | Create | Fire Lancer |
| 23:09 | Create | Fire Lancer |
| 23:21 | Build | Castle |
| 23:25 | Create | Fire Lancer |
| 23:35 | Research | War Galley (upgrade) |
| 23:37 | Create | Fire Galley |
| 23:56 | Create | Villager (Male) |
| 23:56 | Create | Villager (Male) |
| 23:57 | Create | Villager (Male) |
| 24:08 | Create | Fire Lancer |
| 24:08 | Create | Fire Lancer |
| 24:12 | Research | Scale Mail Armor |
| 24:54 | Create | Fire Lancer |
| 24:55 | Create | Fire Lancer |
| 25:09 | Create | Villager (Male) |
| 25:10 | Create | Villager (Male) |
Match timeline
| 0:45 | kingnothing · first_building Dock |
| 0:55 | Lord Tatami II · first_building Dock |
| 0:56 | kingnothing · wall_segment Palisade Wall x1 |
| 5:21 | Lord Tatami II · wall_segment Palisade Wall x1 |
| 11:01 | Lord Tatami II · age_up feudal |
| 13:30 | kingnothing · age_up feudal |
| 15:54 | kingnothing · wall_segment Palisade Wall x1 |
| 16:40 | kingnothing · wall_segment Palisade Wall x1 |
| 20:04 | Lord Tatami II · age_up castle |
| 20:21 | kingnothing · first_market_buy 100 food |
| 22:27 | kingnothing · first_building Barracks |
| 23:06 | kingnothing · age_up castle |
| 23:21 | kingnothing · first_building Castle |
| 25:18 | Lord Tatami II · wall_segment Palisade Wall x1 |
| 29:35 | Lord Tatami II · resign |
[ AI ANALYSIS · 1 CREDIT ]
What really happened in this match?
Wolo.gg analyzes every decision: build order, eco, micro, common mistakes by bracket. Personalized analysis on WhatsApp or Discord in 30 seconds.
Civ guide
Khmer
Map guide
Nomad
Perfil
Lord Tatami II